Map: 어스름 탑

Players

llllllllllll (Scarlett)

  • Race: Zerg Zerg
  • League: Grandmaster

星际卡卡西 - Winner!

  • Race: Zerg Zerg
  • League: Grandmaster

VOD

Have the link to the VOD?

Description

Time

  • Played on: April 10, 2016, 2:15 a.m.
  • Length: 8:40
Show
View Real Time Build Order
Export as new Build Order

llllllllllll Zerg 

Build Orders: Hatch First 

Get SALT Encoding   

  12  0:00  Drone  
  13  0:08  Drone  
  14  0:17  Overlord  
  14  0:25  Extractor  
  14  0:26  Drone  
  15  0:37  Drone x2  
  17  0:53  Hatchery  
  17  0:56  Drone  
  17  1:01  Drone  
  18  1:12  Spawning Pool  
  18  1:15  Drone  
  18  1:17  Extractor  
  17  1:21  Drone  
  18  1:30  Drone  
  19  1:39  Overlord  
  19  1:51  Drone  
  20  1:59  Queen  
  20  2:00  Zergling x2  
  23  2:05  Queen, Drone  
  26  2:09  Drone  
  27  2:16  Metabolic Boost, Drone  
  27  2:22  Drone  
  29  2:31  Drone x2  
  31  2:39  Hatchery  
  31  2:43  Overlord  
  30  2:49  Queen  
  32  2:54  Drone  
  32  2:57  Drone  
  32  2:58  Drone  
  35  3:02  Drone  
  36  3:06  Drone  
  36  3:09  Zergling x2  
  36  3:10  Zergling x2  
  36  3:12  Drone x3  
  42  3:15  Drone  
  42  3:18  Overlord  
  43  3:22  Drone  
  44  3:28  Lair  
  44  3:33  Extractor  
  44  3:34  Queen, Extractor  
  43  3:37  Drone x2  
  46  3:42  Drone x3  
  46  3:44  Drone  
  46  3:46  Drone  
  51  3:49  Overlord  
  51  3:55  Roach Warren  
  50  3:58  Drone x2  
  52  4:06  Drone x2  
  52  4:09  Drone x3  
  57  4:14  Zergling x8  
  61  4:20  Overlord  
  61  4:21  Zergling x4  
  63  4:31  Spire  
  55  4:41  Zergling x4  
  58  4:45  Drone x2  
  58  4:46  Drone x6  
  65  4:53  Overseer  
  65  4:55  Drone x2  
  65  4:56  Drone x2  
  69  5:05  Overseer  
  67  5:11  Drone  
  67  5:12  Drone x5  
  73  5:14  Extractor  
  73  5:15  Extractor  
  73  5:18  Overlord x2  
  71  5:26  Drone  
  71  5:28  Infestation Pit  
  71  5:32  Overlord x5  
  71  5:33  Drone x2  
  71  5:34  Overlord  
  73  5:38  Extractor, Drone  
  73  5:44  Zerg Flyer Armor Level 1  
  73  5:51  Drone x2  
  73  5:53  Queen x2  
  73  5:55  Mutalisk  
  73  5:56  Mutalisk x2  
  85  5:58  Mutalisk  
  85  6:00  Queen  
  90  6:04  Drone x3  
  90  6:06  Zergling x10  
  90  6:10  Zergling x2  
  87  6:22  Pathogen Glands  
  86  6:26  Spore Crawler  
  86  6:27  Drone x2  
  86  6:28  Drone  
  86  6:29  Spore Crawler, Drone x7  
  86  6:32  Queen x2  
  96  6:36  Queen  
  100  6:42  Spore Crawler, Drone  
  100  6:43  Drone x3  
  103  6:49  Infestor  
  103  6:50  Infestor x2  
  109  6:55  Mutalisk x2  
  113  7:06  Mutalisk  
  113  7:07  Mutalisk  
  117  7:09  Hatchery  
  116  7:22  Overlord  
  116  7:23  Overlord x5  
  116  7:24  Mutalisk x2  
  116  7:25  Mutalisk  
  122  7:31  Queen  
  122  7:33  Queen  
  124  7:48  Infestor  
  126  7:51  Infestor  
  126  7:52  Mutalisk x2  
  130  8:06  Overlord x2  
  130  8:07  Mutalisk  
  130  8:08  Extractor, Mutalisk  
  130  8:11  Spore Crawler  
  130  8:12  Extractor  
Show
View Real Time Build Order
Export as new Build Order

星际卡卡西 Zerg - Winner!

Build Orders: 3 Hatch before Pool 

Get SALT Encoding   

  12  0:00  Drone  
  13  0:08  Drone  
  14  0:17  Overlord  
  14  0:24  Extractor  
  14  0:25  Drone  
  15  0:36  Drone x2  
  17  0:53  Hatchery  
  17  0:56  Drone  
  17  1:01  Hatchery  
  17  1:04  Drone  
  18  1:17  Spawning Pool  
  17  1:19  Extractor  
  17  1:22  Drone  
  17  1:26  Drone  
  17  1:30  Drone  
  19  1:38  Drone  
  20  1:49  Overlord  
  20  2:00  Drone  
  21  2:06  Queen  
  23  2:13  Queen  
  23  2:14  Drone  
  23  2:15  Drone  
  27  2:19  Metabolic Boost  
  27  2:21  Drone  
  28  2:25  Drone  
  29  2:31  Zergling x2  
  29  2:37  Drone  
  31  2:39  Baneling Nest  
  31  2:43  Zergling x2  
  31  2:50  Hatchery  
  30  2:58  Overlord  
  30  2:59  Drone x2  
  30  3:03  Drone  
  33  3:09  Zergling x2  
  34  3:17  Drone x3  
  34  3:19  Drone  
  38  3:20  Drone  
  38  3:23  Drone x2  
  38  3:24  Drone  
  42  3:27  Overlord  
  42  3:31  Drone  
  43  3:39  Baneling x2  
  43  3:41  Zergling x2  
  44  3:46  Zergling x2  
  44  3:47  Zergling x2  
  44  3:48  Zergling x4  
  48  3:50  Queen  
  48  3:53  Drone x2  
  52  3:57  Overlord  
  51  4:07  Drone x2  
  51  4:08  Overlord  
  53  4:10  Lair  
  53  4:11  Drone  
  53  4:12  Drone  
  53  4:13  Overlord  
  53  4:16  Drone  
  56  4:18  Extractor  
  56  4:19  Extractor, Drone  
  56  4:20  Extractor  
  55  4:24  Drone  
  54  4:31  Drone  
  54  4:33  Drone  
  54  4:36  Extractor, Drone  
  54  4:38  Extractor  
  55  4:40  Overlord, Drone  
  56  4:48  Drone  
  56  4:50  Drone  
  56  4:51  Drone  
  58  4:54  Drone x3  
  62  5:00  Zergling x4  
  62  5:07  Zergling x4  
  62  5:08  Zergling x6  
  62  5:12  Spire, Drone  
  62  5:13  Drone  
  68  5:15  Overseer  
  68  5:20  Zergling x6  
  68  5:29  Drone x5  
  68  5:33  Spine Crawler  
  68  5:34  Spine Crawler x2  
  70  5:36  Drone x2  
  70  5:37  Drone  
  73  5:42  Spine Crawler  
  73  5:44  Spine Crawler  
  73  5:47  Drone x3  
  73  5:49  Drone  
  79  5:50  Drone x2  
  79  5:51  Drone x2  
  79  5:53  Overlord  
  83  5:57  Overlord x2  
  83  6:02  Overlord  
  83  6:05  Hatchery  
  83  6:11  Zergling x4  
  83  6:12  Zergling x12  
  83  6:27  Mutalisk x5, Zerg Flyer Armor Level 1  
  83  6:28  Mutalisk  
  83  6:30  Mutalisk  
  83  6:31  Extractor  
  96  6:33  Mutalisk  
  96  6:34  Extractor  
  97  6:40  Mutalisk  
  97  6:45  Mutalisk x5  
  109  6:49  Mutalisk  
  109  6:52  Overlord x2  
  111  6:56  Mutalisk  
  113  7:03  Mutalisk  
  113  7:05  Mutalisk  
  113  7:08  Zergling x10  
  122  7:11  Zergling x2  
  122  7:18  Mutalisk x2  
  126  7:28  Mutalisk  
  128  7:30  Mutalisk  
  128  7:32  Zergling x14  
  128  7:33  Zergling x6  
  139  7:37  Spore Crawler  
  139  7:42  Mutalisk x2  
  127  7:44  Zergling x8  
  127  7:48  Mutalisk  
  129  7:56  Mutalisk x2  
  133  8:00  Drone x3  
  133  8:01  Mutalisk  
  133  8:02  Overlord x2  
  138  8:06  Zergling x6  
  138  8:12  Overlord  
  140  8:21  Zergling x6  
Tags
 
Add a new tag
Caveats
  • Supply blocks, unpowered buildings, or Contaminate may cause inaccurate times.
  • Supply counts are checked every 10 seconds.